[Event "Belgrade RAD 30"]
[Site "Belgrade"]
[Date "1977.01.29"]
[Round "12.4"]
[White "Smejkal, Jan"]
[Black "Velimirovic, Dragoljub"]
[Result "1/2-1/2"]
[ECO "B39"]
[WhiteElo "2575"]
[BlackElo "2525"]
[Annotator "Primel,D"]
[PlyCount "144"]
[EventDate "1977.01.15"]
[EventType "tourn"]
[EventRounds "13"]
[EventCountry "SRB"]
[EventCategory "9"]
[SourceTitle "EXT 2018"]
[Source "ChessBase"]
[SourceDate "2017.10.13"]
[SourceVersion "1"]
[SourceVersionDate "2017.10.13"]
[SourceQuality "1"]
[TimeControl "40/9000:16/5400:0"]

1. c4 c5 2. Nf3 g6 3. d4 Bg7 4. e4 cxd4 5. Nxd4 Nc6 6. Be3 Nf6 7. Nc3 Ng4 8.
Qxg4 Nxd4 9. Qd1 Ne6 (9... e5 {L'alternative} 10. Nb5 O-O 11. Qd2) 10. Rc1 O-O
11. Be2 b6 (11... a6 12. O-O d6 13. Qd2 Bd7 14. Bh6 b5 15. Bxg7 Nxg7 16. Qh6
Kh8 17. Qe3 f5 18. Nd5 Be6 19. cxb5 Bxd5 20. exd5 axb5 21. Bxb5 Rxa2 22. b4 f4
23. Qc3 Qb6 24. Bd3 f3 25. g3 Qb7 26. Be4 Ra4 27. Rb1 Rb8 28. Qxf3 Rxb4 29.
Rxb4 Qxb4 30. Rb1 Qxb1+ 31. Bxb1 Rxb1+ 32. Kg2 Kg8 33. Qe4 Rb7 34. g4 e5 35. h4
Rf7 36. Qa4 Kf8 {1/2-1/2 (36) Bravo Sedamanos,H-Tosan Pereira,F Buenos Aires
1975}) 12. b4 $146 (12. O-O Bb7 13. f3 f5 14. exf5 gxf5 15. Qd2 f4
16. Bf2 d6 17. Nd5 Be5 18. Rfe1 Rf7 19. b4 Rc8 20. Bd1 Kh8 21. Kh1 Rg7 22. Ba4
Bc6 23. Bxc6 Rxc6 24. b5 Rc8 25. Nb4 Qg8 26. Nc6 Rxc6 27. bxc6 Qe8 28. c5 Qg6
29. Bg1 bxc5 30. Bxc5 Nxc5 31. c7 Rg8 32. Rxe5 dxe5 33. Rxc5 Qa6 34. h3 Qc8 35.
Qc3 Rg6 36. Qxe5+ Kg8 37. Qxe7 {1-0 (37) Khavsky,S-Pogats,J Budapest 1961})
12... Bb7 13. Nd5 Nc7 14. O-O Nxd5 15. cxd5 f5 16. Qb3 (16. f3 fxe4 17. fxe4)
16... Kh8 17. exf5 Rxf5 18. Rfd1 $14 Qg8 19. d6 Qxb3 20. axb3 exd6 21. Rc7 Bc6
22. g4 Rd5 23. Rxd5 Bxd5 24. Rxd7 Bf8 25. b5 Be6 (25... Bxb3) 26. Bd4+ Kg8 27.
Bf3 d5 28. Bxd5 Bxd5 29. Rxd5 Rc8 30. Kg2 $16 {[%csl Ra7,Gb5,Rc6] Malgré les
P doublés, la finale est meilleure pour les Blancs car le P"b5" est davantage
une force qu'une faiblesse} (30. Rd7) 30... Rc7 31. Be5 Rc2 32. Rd8 Kf7 33. Ra8
Ke6 $1 {Probablement la meilleure solution pratique pour transposer en finale
de R avec un K Noir centralisé} 34. Rxf8 Kxe5 $132 35. Rf7 h5
36. gxh5 gxh5 37. Rxa7 Rc5 $1 38. Rd7 $1 Rxb5 39. Rd3 $14 Rb4 40. Kg3 Rg4+ 41. Kf3 Rh4 {Ajournement et les Noirs ont des bonnes
chances de nulle} 42. Kg2 Rb4 43. Kf1 Rh4 44. h3 b5 45. Ke2 Rb4 46. f3 (46. Kd2 ) 46... Kf4 47. Kf2 Ke5 48. Kg3 Kf5 49. Rc3 Kg5 50. Rc5+ (50. h4+
$5 Kf5 (50... Rxh4 $4 51. Rc5+) 51. Rc5+ Kg6 $132) 50... Kg6 51. Rc6+ Kg7 (
51... Kg5 52. f4+ Kf5 53. Rc3 $11) 52. f4 Rxb3+ 53. Kh4 Rf3 54. Kg5 Rg3+ $1 (
54... Rxh3 55. Rc7+ Kf8 56. Kf6 ) 55. Kxh5 Rxh3+ 56. Kg5 Rg3+ 57.
Kf5 b4 58. Rc7+ Kg8 59. Rb7 b3 60. Kf6 Rc3 61. Rb8+ Kh7 62. f5 Rc6+ 63. Kf7
Rc7+ 64. Kf8 Kh6 65. Rb6+ Kh7 66. Rxb3 Rc8+ 67. Ke7 Rc7+ 68. Kd6 Ra7 69. Re3
Kg8 70. Ke6 Kf8 71. Kf6 Rf7+ 72. Kg6 Rg7+ 1/2-1/2